AoeStats
← Ale Torra

Arena

510131697Analyzed
3v3 RM · 3d ago on Sep 29, 2026· 65m 5s· 6 players
Game mode
Random Map
Map size
Normal (6 player)
Population
200
Speed
Normal
Resources
Standard
Victory
Conquest
Starting age
Dark Age
Ending age
Imperial Age
RankedLock teamsTeams togetherTeam positionsShared explorationLock speedFull tech treeHidden civsTurbo modeCheats
Victory
Defeat
🇷🇴 Mongols · Romania
1026
+21
🇩🇪 Franks · Germany
1021
+21
🇫🇷 Poles · France
994
+22
🇪🇸 Mongols · Spain
1171
-23
🇪🇸 Poles · Spain
1114
-21
🇪🇸 Portuguese · Spain
1104
-20
Clauzzz
10:29 Feudal Age
11:05 Double-Bit Axe
11:01 Horse Collar
11:57 Wheelbarrow
17:25 Castle Age
16:05 Forging
17:39 Scale Barding Armor
20:26 Fletching
20:49 Padded Archer Armor
21:43 Bodkin Arrow
22:26 Husbandry
23:55 Loom
25:29 Heavy Plow
26:40 Bow Saw
26:56 Stone Mining
26:57 Gold Mining
28:12 Fervor
28:40 Bloodlines
28:50 Light Cavalry
30:01 Leather Archer Armor
30:49 Hand Cart
34:59 Imperial Age
33:53 Stone Shaft Mining
34:16 Thumb Ring
34:34 Chain Barding Armor
34:50 Iron Casting
35:27 Gold Shaft Mining
35:15 Ballistics
37:45 Conscription
38:48 Bracer
39:48 Blast Furnace
39:58 Elite Mangudai
43:22 Chemistry
42:28 Siege Engineers
42:34 Masonry
43:39 Hussar
45:20 Parthian Tactics
KissMyAxe
10:23 Feudal Age
14:01 Castle Age
12:39 Double-Bit Axe
15:49 Horse Collar
18:45 Wheelbarrow
20:10 Gold Mining
21:39 Bow Saw
22:10 Hand Cart
22:36 Bloodlines
24:23 Heavy Plow
28:30 Imperial Age
26:32 Husbandry
26:40 Scale Barding Armor
26:46 Forging
28:29 Chain Barding Armor
29:41 Iron Casting
29:00 Cavalier
31:50 Blast Furnace
33:49 Szlachta Privileges
37:40 Light Cavalry
38:49 Winged Hussar
50:25 Crop Rotation
51:56 Conscription
61:04 Capped Ram
Katze Aus Kasachstan
10:34 Feudal Age
11:06 Double-Bit Axe
15:30 Castle Age
13:39 Stone Mining
16:28 Bow Saw
20:30 Gold Mining
22:59 Scale Barding Armor
23:05 Forging
22:56 Scale Mail Armor
24:59 Gold Shaft Mining
27:07 Wheelbarrow
29:13 Imperial Age
28:39 Scale Mail Armor
29:49 Hand Cart
29:20 Town Watch
29:33 Cavalier
32:20 Hoardings
32:11 Chain Mail Armor
32:39 Town Patrol
32:10 Paladin
33:42 Chain Barding Armor
34:20 Plate Mail Armor
34:01 Forging
35:04 Plate Barding Armor
35:07 Husbandry
36:19 Murder Holes
37:25 Chemistry
37:37 Iron Casting
37:02 Padded Archer Armor
40:29 Fletching
42:17 Light Cavalry
46:21 Squires
47:02 Coinage
45:57 Pikeman
47:33 Halberdier
55:59 Conscription
57:30 Arson
60:57 Treadmill Crane
62:46 Chivalry
Sir Charles
4:33 Loom
12:05 Feudal Age
13:09 Double-Bit Axe
15:47 Castle Age
23:51 Gold Mining
25:00 Scale Barding Armor
24:46 Fletching
24:49 Light Cavalry
25:39 Bloodlines
26:03 Husbandry
26:10 Horse Collar
27:16 Wheelbarrow
28:09 Heavy Plow
28:24 Bow Saw
30:31 Szlachta Privileges
33:27 Imperial Age
32:45 Stone Mining
33:13 Hand Cart
33:35 Chain Barding Armor
33:26 Forging
33:33 Cavalier
35:19 Conscription
39:32 Iron Casting
41:41 Town Watch
44:40 Blast Furnace
45:20 Winged Hussar
48:24 Lechitic Legacy
50:22 Bodkin Arrow
51:41 Ballistics
Filipo
0:29 Loom
12:02 Feudal Age
18:02 Castle Age
16:11 Double-Bit Axe
16:55 Horse Collar
20:44 Fletching
25:45 Bow Saw
26:46 Bodkin Arrow
29:40 Ballistics
30:43 Pikeman
31:23 Murder Holes
32:16 Forging
32:07 Scale Mail Armor
36:17 Iron Casting
38:04 Chain Mail Armor
46:06 Wheelbarrow
52:10 Imperial Age
54:39 Town Watch
Ale Torra
9:32 Feudal Age
7:48 Loom
15:08 Castle Age
19:37 Double-Bit Axe
24:29 Fletching
25:29 Bodkin Arrow
27:13 Ballistics
26:55 Padded Archer Armor
31:27 Imperial Age
29:20 Bow Saw
28:53 Horse Collar
30:52 Bloodlines
30:43 Husbandry
30:49 Thumb Ring
31:03 Leather Archer Armor
31:33 Fortified Wall
32:39 Bracer
33:41 Chemistry
33:15 Conscription
32:31 Elite Mangudai
39:13 Parthian Tactics
45:57 Wheelbarrow
45:07 Town Watch
48:56 Heavy Plow
51:28 Coinage
53:37 Banking
63:37 Nomads
Connection lost

Rejoining the realm…

Still unreachable

The connection could not be restored.

Session expired

The server has moved on; the page needs a fresh start.